 Dungeon Crawl Stone Soup version 0.31.0-11-ge490571c62 (console) character file.

Game seed: 9463817084340665059

44 zenocrate the Sneak (level 3, -2/23 HPs)
             Began as a Kobold Delver on Feb 1, 2024.
             Slain by an ogre
             ... wielding a +0 giant club
              (25 damage)
             ... on level 4 of the Dungeon.
             The game lasted 00:00:40 (114 turns).

zenocrate the Sneak (Kobold Delver)                  Turns: 114, Time: 00:00:40

Health: -2/23      AC:  3    Str:  9    XL:     3   Next: 85%
Magic:  3/3        EV: 14    Int: 11    God:
Gold:   12         SH:  0    Dex: 18    Spells: 2/2 levels left

rFire   . . .        a - +0 short sword
rCold   . . .        (no shield)
rNeg    . . .        b - +0 leather armour
rPois   .            (no helmet)
rElec   .            (no cloak)
rCorr   .            (no gloves)
SInv    .            (no boots)
Will    .....        (no amulet)
Stlth   +++++        (no ring)
HPRegen 0.23/turn    (no ring)
MPRegen 0.08/turn

%: no passive effects
@: no status effects
A: small, no large weapons, nightstalker 3
a: no special abilities


You were on level 4 of the Dungeon.
You visited 1 branch of the dungeon, and saw 2 of its levels.

You collected 12 gold pieces.

Inventory:

Hand Weapons
 a - a +0 short sword (weapon)
Missiles
 h - 6 poisoned darts (quivered)
Armour
 b - a +0 leather armour (worn)
Wands
 g - a wand of digging (3)
Scrolls
 c - a scroll of fog
 e - a scroll of fear
 i - a scroll of noise {unknown}
Potions
 f - a potion of haste


   Skills:
 - Level 3.2 Fighting
 + Level 4.1 Short Blades
 - Level 2.4 Dodging
 + Level 7.4 Stealth


You had 2 spell levels left.
You didn't know any spells.
Your spell library was empty.

Dungeon Overview and Level Annotations

Branches:
Dungeon (5/15)
 Temple: D:4-7

Altars:


Innate Abilities, Weirdness & Mutations

You are small and have problems with some larger weapons.
You are completely attuned to the shadows.


Message History

An adder comes into view.
The helpless adder fails to defend itself.
You impale the adder!!
You kill the adder!
Your Short Blades skill increases to level 4!
No target in view!
There is a stone staircase leading up here.
You climb upwards.
You hear the sound of rushing water.
There is an entrance to a sewer on this level.
Hurry and find it before the portal rusts away!
Found a scroll labelled GEMPOB JIARIBY and a scroll labelled QAATUL HAIMA.
Found a stone staircase leading up.
There is a stone staircase leading down here.
As you read the scroll of revelation, it crumbles to dust.
You feel aware of your surroundings.
You sensed 1 shop/portal.
Found 3 gold pieces.
Unknown command.
Found a wand of digging (3).
Unknown command.
A kobold comes into view. It is wielding a +0 short sword.
The kobold shouts!
An ogre comes into view. It is wielding a +0 giant club.
The kobold misses you.
You hit the kobold.
The kobold is moderately wounded.
You hear a shout! x2
You hit the kobold.
You kill the kobold!
You hear a shout!
You see here a +0 short sword.
You hit the ogre.
The ogre is moderately wounded.
The ogre barely misses you.
You hit the ogre.
The ogre is moderately wounded.
You completely miss the ogre.
The ogre is moderately wounded.
The ogre hits you with a +0 giant club!!
Ouch! That really hurt!
You die...

,,,,,,,,,,,,,,,,,,****
**,,,,,,**,,,,,,,,*,,**
*,,,,,,,**,,,,,,,,,,,,**
,,,***,,,**,,,,,,,,,,,,***
,,,****,,*,,,,****,,,,,,,*
,,,,,,,,,**>,,,,,,,,*,,,**
**,,,,,,,*,,,,*,,..#*****
**,,,,*,,,,,,,*##..#**
,,,,***,*,,,,,##...#.**
**,,* ****,,,,#.O.....*
**,,*** **,,**##@.....#**
*,,,,,* *,,,###........,***
**,**,******#...........,,*
*,,*~**~~~~~##...........,*
,,,*~*~*****~#####.......,*
,,,*~*~**,**~###.#......#**
,,,*~*~*,*,*,#..........#
,,,*~*~*∩*~*~#..#.#..###*
,,,*~*~***~*~######..##
*,,*,**,~~~*~* #...#
,,,*~*******,### ##..#


You could see an ogre.

Vanquished Creatures
  A bombardier beetle (D:5)
  An adder (D:5)
  A kobold (D:4)
3 creatures vanquished.

Notes
Turn   | Place    | Note
-------+----------+-------------------------------------------
     0 | D:5      | zenocrate the Kobold Delver began the quest for the Orb.
     0 | D:5      | Reached XP level 1. HP: 14/14 MP: 1/1
    16 | D:5      | Noticed a bombardier beetle
    20 | D:5      | Killed a bombardier beetle
    21 | D:5      | Reached skill level 7 in Stealth
    21 | D:5      | Reached XP level 2. HP: 19/19 MP: 2/2
    21 | D:5      | Reached XP level 3. HP: 23/23 MP: 3/3
   107 | D:4      | Noticed an ogre
   114 | D:4      | Slain by an ogre

Illustrated notes

Levels and vault maps discovered:
D:4:      layout_cave_pools, gup_sewer_entry_spiral
D:5:      layout_loops_ring, kennysheep_slug_shrine,
          chequers_serial_rivers_micro_d, dk_vineyard_3, uniq_duvessa

Skill      XL: |  1  2  3 |
---------------+----------+-----
Short Blades   | 3 4 |  4.1
Stealth        | 7 |  7.4
Fighting       | |  3.2
Dodging        | |  2.4

Action                     || total
---------------------------++-------
  Melee: Short sword       ||     7
    Use: Scroll            ||     1
   Stab: Sleeping          ||     2
 Armour: Leather armour    ||     1
  Dodge: Dodged            ||     2
